[Event "Late-Titled-Tuesday-Blitz-June-25-2024"]
[Site "Chess.com"]
[Date "2024.06.25"]
[Round "5"]
[White "GlavkonVVS"]
[Black "Azeryahu"]
[Result "1/2-1/2"]
[WhiteElo "2648"]
[BlackElo "2863"]
[TimeControl "180+1"]
[EndTime "14:55:23 PDT"]
[Termination "Game drawn by stalemate"]

1. c4 e6 2. Nc3 d5 3. d4 h6 4. Nf3 Nf6 5. Bf4 Bb4 6. e3 c5 7.
a3 Bxc3+ 8. bxc3 O-O 9. Be2 b6 10. O-O Ba6 11. Ne5 Qc8 12. Rc1 Nbd7 13. cxd5 Bxe2 14.
Qxe2 Nxd5 15. Bg3 N5f6 16. e4 Qb7 17. Rfe1 Rac8 18. Rcd1 cxd4 19. cxd4 Rc3 20. Nxd7 Nxd7 21.
Bd6 Rfc8 22. d5 exd5 23. exd5 Nf6 24. Be5 Rc2 25. Qd3 Nd7 26. Ba1 Nf8 27. Qd4 f6 28. Qg4 Qd7 29. Qg3 Qf5 30. Re7 Ng6 31. Ree1 Nf4 32.
Qf3 Qg5 33. d6 R2c3 34. Bxc3 Rxc3 35. Re3 Rxe3 36. fxe3 Ne6 37. d7 Nd8 38. Qd5+ Qxd5 39. Rxd5 Kf7 40. Kf2 Ke7 41. Kf3 Ne6 42. Ke4 Nc5+ 43.
Rxc5 bxc5 44. Kd5 Kxd7 45. Kxc5 f5 46. Kd5 g6 47. Ke5 Ke7 48. h3 Kf7 49. a4 a5 50.
h4 Ke7 51. h5 Kf7 52. hxg6+ Kxg6 53. g3 Kg5 54. Ke6 Kg4 55. Kf6 h5 56. Kg6 Kxg3 57.
Kxh5 Kf3 58. Kg5 Ke4 59. Kf6 Kxe3 60. Kxf5 Kd4 61. Kf4 Kc4 62. Ke3 Kb4 63. Kd2 Kxa4 64. Kc1 Ka3 65. Kb1 a4 66. Ka1 Kb3 67. Kb1 a3 68. Ka1 a2 1/2-1/2

[Event "Late-Titled-Tuesday-Blitz-June-25-2024"]
[Site "Chess.com"]
[Date "2024.06.25"]
[Round "5"]
[White "GMChessrob"]
[Black "K_A_S_T_O_R"]
[Result "1/2-1/2"]
[WhiteElo "2645"]
[BlackElo "2854"]
[TimeControl "180+1"]
[EndTime "14:55:23 PDT"]
[Termination "Game drawn by repetition"]

1. d4 Nf6 2. c4 e6 3. g3 c5 4. Nf3 cxd4 5. Nxd4 d5 6. Bg2 e5 7. Nf3 d4 8. O-O Nc6 9. e3 Be7 10. exd4 exd4 11. Bf4 Be6 12. Ne5 Rc8 13. Nd2 O-O 14. Qb3 Nxe5 15. Bxe5 Ng4 16. Rfe1 Nxe5 17. Rxe5 b6 18.
Bd5 Bd7 19. Rae1 Bf6 20. R5e2 Bg4 21. Nf3 Qd7 22. Re4 Bf5 23. R4e2 d3 24. Rd2 Rfe8 25. Qd1 b5 26. Rxe8+ Rxe8 27. Qb3 a6 28. h4 h6 29. Kg2 Bh3+ 30. Kh2 Bf1 31. Ng1 Re2 32. Nxe2 dxe2 33. Qe3 Qe7 34. Be4 bxc4 35. Rxe2 Bxe2 36. Qxe2 Qe6 37. Bf3 a5 38. Qc2 Bd4 39. Kg2 Qb6 40. Bd5 Qxb2 41. Qf5 Bf6 42. Bxc4 Qd4 43. Qc8+ Qd8 44.
Qb7 Be7 45. Bd5 Kf8 46. h5 Qe8 47. Bc6 Qd8 48. Bd5 Qe8 49. Qa7 Bb4 50. Qd4 Qe7 51. g4 Qd7 52. f3 Be7 53. Qc4 Bf6 54. Qc6 Qxc6 55. Bxc6 Bd4 56. Bd5 Bb6 57. a4 Ke7 58.
Bc4 f5 59. Kh3 Kf6 60. Bd3 fxg4+ 61. Kxg4 Bc7 62. Be4 Bd6 63. Bd3 Bc7 64. Be4 Bd6 65.
Bd3 Bc7 1/2-1/2

[Event "Late-Titled-Tuesday-Blitz-June-25-2024"]
[Site "Chess.com"]
[Date "2024.06.25"]
[Round "5"]
[White "Oleksandr_Bortnyk"]
[Black "Arysya"]
[Result "1-0"]
[WhiteElo "3067"]
[BlackElo "2843"]
[TimeControl "180+1"]
[EndTime "14:55:28 PDT"]
[Termination "Oleksandr_Bortnyk won on time"]

1. e4 c5 2. Be2 Nc6 3. d3 g6 4. f4 Bg7 5. Nf3 d6 6. c3 Nf6 7.
O-O O-O 8. Kh1 c4 9. d4 Nxe4 10.
Bxc4 d5 11. Bb3 b5 12. Nbd2 Bf5 13. Nxe4 Bxe4 14. Ng5 Bf5 15. Qf3 e6 16. g4 Qxg5 17. fxg5 Be4 18. Qxe4 dxe4 19. Bc2 Rac8 20. Bxe4 b4 21.
Bd2 bxc3 22. bxc3 Na5 23. Rae1 Rfd8 24. Rf2 Nc4 25. Bf4 Nd6 26. Bxd6 Rxd6 27. Re3 h6 28. gxh6 Bxh6 29. Ref3 Rd7 30. Bc2 Bg5 31. Bb3 Kg7 32. Kg2 Rcc7 33. Kg3 Bc1 34. h4 g5 35.
h5 Bf4+ 36. Kg2 Rd6 37. Rh3 Kh6 38. Re2 Rdc6 39. c4 Rd6 40. d5 exd5 41. cxd5 a5 42. Rd3 Rb7 43. Re8 Kg7 44. Rc8 Rb4 45. Rc4 Rbb6 46.
Kf3 Be5 47. Rc5 Ra6 48. Bc4 Ra7 49. a4 Rf6+ 50. Ke2 Rf4 51. d6 Bf6 52. d7 Ra8 53.
Rc8 Re4+ 54. Kd1 Ra7 55. d8=Q Bxd8 56. Rdxd8 Rxg4 57. Rg8+ Kf6 58. h6 Rd7+ 59. Kc2 Rh4 60. Rc6+ Kf5 61. Bd3+ Kf4 62. Rc4+ Ke3 63. Rxh4 gxh4 64.
h7 Rc7+ 65. Kb2 1-0

[Event "Late-Titled-Tuesday-Blitz-June-25-2024"]
[Site "Chess.com"]
[Date "2024.06.25"]
[Round "5"]
[White "zajka-molotok"]
[Black "lamomiajunior"]
[Result "0-1"]
[WhiteElo "2540"]
[BlackElo "2758"]
[TimeControl "180+1"]
[EndTime "14:55:29 PDT"]
[Termination "lamomiajunior won on time"]

1. e4 e5 2. Nf3 Nc6 3. Nc3 Nf6 4. Bb5 Bd6 5. O-O O-O 6. d3 a6 7. Ba4 h6 8. a3 b5 9. Bb3 Bc5 10. Be3 d6 11. Bxc5 dxc5 12. Nd5 Be6 13. Nxf6+ Qxf6 14. Bxe6 Qxe6 15. h3 Rfd8 16. Qc1 Rd7 17. Qe3 Nd4 18. Rac1 Rad8 19. Nh2 c4 20. dxc4 Qxc4 21. Rfe1 Nxc2 22. Qg3 Nxe1 23. Rxc4 bxc4 24. Ng4 Rd1 25. Kh2 Nd3 26. Nxh6+ Kh7 27. Nxf7 Rf8 28. Ng5+ Kg8 29. Qh4 Rxf2 30. Qh7+ Kf8 31. Qh8+ Ke7 32. Qxg7+ Kd6 33. Qg6+ Kc5 34.
Ne6+ Kb6 35. Nd4+ Kc5 36. Ne6+ Kb6 37. Nd8+ Kc5 38. Qxa6 Kd4 39. Ne6+ Ke3 40. Qa7+ Ke2 41. Qxc7 Kf1 42. Kg3 Rxg2+ 43. Kh4 Nxb2 44. Ng5 Rd3 45. Qxe5 c3 46. Qb5 Ke1 47. a4 Rgg3 48. a5 Nd1 49. a6 c2 50. Qa5+ Rc3 51. a7 c1=Q 52. a8=Q Qf4+ 53.
Kh5 Rxh3+ 54. Kg6 Re3 55. Q8d5 Qg3 56. Qf5 Re2 0-1

[Event "Late-Titled-Tuesday-Blitz-June-25-2024"]
[Site "Chess.com"]
[Date "2024.06.25"]
[Round "5"]
[White "chessdoll90"]
[Black "klercaku"]
[Result "1-0"]
[WhiteElo "2509"]
[BlackElo "2308"]
[TimeControl "180+1"]
[EndTime "14:55:29 PDT"]
[Termination "chessdoll90 won on time"]

1. d4 d5 2. Nf3 e6 3. g3 Nf6 4. Bg2 c5 5. c3 Nc6 6. O-O Be7 7.
dxc5 O-O 8. b4 a5 9. b5 Na7 10. a4 Bxc5 11. Nbd2 Bd7 12. c4 Nc8 13. Nb3 Bb4 14. c5 Qe7 15. Qc2 Ne4 16. Be3 Na7 17. Ne5 Rfc8 18. Bxe4 dxe4 19. Qxe4 Be8 20. Nd3 Bc3 21. Rac1 f5 22. Qc4 Bf6 23. Nxa5 Nxb5 24. axb5 Rxa5 25. Rb1 Bf7 26. Qb4 Ra2 27. c6 bxc6 28.
bxc6 Qxb4 29. Nxb4 Rxe2 30. Rfc1 Rb2 31. Bb6 g5 32. c7 Rxb1 33. Rxb1 Be5 34. Rc1 Be8 35. Nd3 Bd6 36. f4 gxf4 37. gxf4 Bb5 38. Ne5 Bxe5 39.
fxe5 Kf7 40. Kf2 Ke7 41. Bc5+ Kd7 42. Bd6 Bc6 43. Ke3 Bd5 44. Rg1 Kc6 45. Rg7 h5 46.
Rh7 Rg8 47. Rxh5 Kb7 48. Rh7 Kc8 49. h4 Kb7 50. h5 Rc8 51. h6 Kc6 52. Rg7 Be4 53.
Kf4 Bb1 54. Kg5 f4 55. Kxf4 Kb7 56. Kg5 Rh8 57. Kh5 Kc8 58. Rf7 Bf5 59. Kg5 Bb1 60. Bf8 Rg8+ 61. Bg7 1-0

[Event "Late-Titled-Tuesday-Blitz-June-25-2024"]
[Site "Chess.com"]
[Date "2024.06.25"]
[Round "5"]
[White "JSPrepz"]
[Black "Keithonsky"]
[Result "1-0"]
[WhiteElo "2823"]
[BlackElo "2611"]
[TimeControl "180+1"]
[EndTime "14:55:34 PDT"]
[Termination "JSPrepz won on time"]

1. e4 c5 2. Nf3 Nc6 3. b4 Nxb4 4. c3 Nc6 5. d4 d5 6. exd5 Qxd5 7. Na3 Bg4 8. Be2 cxd4 9. Nb5 Qd7 10. cxd4 e6 11. O-O a6 12. Nc3 Nf6 13. Be3 Bb4 14. Na4 Rd8 15.
Rb1 b5 16. Nb2 Bxf3 17. Bxf3 Nxd4 18. Bxd4 Qxd4 19. Bc6+ Ke7 20. Qf3 Qc3 21. Rfc1 Qxf3 22. Bxf3 Rc8 23. Nd3 Ba3 24. Re1 Rc3 25. Ne5 Rhc8 26.
Bb7 R8c7 27. Bxa6 b4 28. Bf1 Rc2 29. Nd3 Nd5 30. g3 R7c3 31. Ne5 f6 32. Nd3 Rxa2 33. Rbd1 Kf7 34. Bh3 e5 35. Nxe5+ fxe5 36. Rxd5 Rc1 37. Rxe5 Rxe1+ 38. Rxe1 Kf6 39. Be6 Rd2 40. Bc4 Rd4 41.
Bb3 Rd3 42. Bg8 b3 43. Re6+ Kg5 44. Rb6 b2 45. Kg2 Rd2 46. Bxh7 Bc5 47. h4+ Kh5 48.
Rc6 Rxf2+ 49. Kh3 g6 50. Bxg6+ Kh6 51. Bd3+ Kg7 52. Rxc5 Rd2 53. Rc7+ Kf6 54. Bh7 Ke5 55.
Rb7 Kd4 56. Rd7+ Kc3 57. Rxd2 Kxd2 58. h5 Kc3 59. h6 Kb4 60. Bg6 Ka3 61. h7 Kb4 62.
h8=Q 1-0

[Event "Late-Titled-Tuesday-Blitz-June-25-2024"]
[Site "Chess.com"]
[Date "2024.06.25"]
[Round "5"]
[White "Jarming"]
[Black "HansOnTwitch"]
[Result "0-1"]
[WhiteElo "2708"]
[BlackElo "3108"]
[TimeControl "180+1"]
[EndTime "14:55:35 PDT"]
[Termination "HansOnTwitch won by resignation"]

1. c4 Nf6 2. g3 e5 3. Bg2 c6 4. Nf3 e4 5. Nd4 d5 6. cxd5 Qxd5 7. Nc2 Qe5 8. Nc3 Be7 9. d4 exd3 10. Qxd3 Bf5 11.
Qd4 Nbd7 12. Bf4 Qxd4 13. Nxd4 Bg6 14. O-O-O O-O 15. e4 Nb6 16. Nf5 Bxf5 17. exf5 Bc5 18. f3 Nbd5 19. Bd2 Nxc3 20. Bxc3 Nd5 21. Bd4 Bxd4 22. Rxd4 Rfe8 23. f4 Nf6 24. Rhd1 h5 25. Bf3 Re3 26. R1d3 Rae8 27. Kd2 Rxd3+ 28. Rxd3 Kf8 29.
h3 Ke7 30. g4 hxg4 31. hxg4 Rd8 32. b4 Nd5 33. Bxd5 cxd5 34. Rh3 Rc8 35. Rh7 Rc4 36. Rxg7 Rxf4 37. a3 Rf3 38. Rg8 b6 39. a4 Rb3 40.
Ra8 Rxb4 41. Rxa7+ Kf6 42. Kc3 Rxg4 43. Ra6 Rc4+ 44.
Kb3 Kxf5 45. Rxb6 Ke5 46. a5 f5 47. a6 Rc1 48. Kb4 Ra1 49. Kb5 f4 50. Rb7 f3 51.
Rf7 Ke4 52. Kb6 d4 53. a7 d3 54. Re7+ Kd4 55. Rf7 d2 56. Rd7+ Kc3 57. Rc7+ Kb3 58.
Rd7 f2 59. Rd3+ Kc2 60. Rf3 d1=Q 61. Rxf2+ Kc3 62. Rf5 Qd4+ 63. Rc5+ Kb4 64. a8=Q Qxc5+ 65. Kb7 Qd5+ 66. Kc7 Qxa8 0-1

[Event "Late-Titled-Tuesday-Blitz-June-25-2024"]
[Site "Chess.com"]
[Date "2024.06.25"]
[Round "5"]
[White "MathiasWomacka"]
[Black "Hirna2005"]
[Result "0-1"]
[WhiteElo "2516"]
[BlackElo "2364"]
[TimeControl "180+1"]
[EndTime "14:55:35 PDT"]
[Termination "Hirna2005 won by resignation"]

1. e4 g6 2. d4 Bg7 3. Nc3 d6 4. f4 a6 5. Nf3 b5 6. Bd3 Bb7 7. O-O Nd7 8. e5 Nh6 9. Be4 Bxe4 10. Nxe4 O-O 11. e6 Nf6 12. Neg5 Qc8 13. Qe2 fxe6 14. Nxe6 Re8 15. Nfg5 Nf7 16. Nxg7 Kxg7 17. Ne6+ Kg8 18. g4 c5 19. dxc5 dxc5 20. f5 c4 21. Bf4 gxf5 22.
gxf5 Kh8 23. Bg3 Ra7 24. Rae1 Rg8 25. Qf3 Rd7 26. Kh1 Qa8 27. Qxa8 Rxa8 28. Nc5 Rda7 29. Re2 Nd6 30. Be5 Rg8 31. Ne4 Nxe4 32. Rxe4 Rd7 33. Re2 Rg5 34. Rg2 Rxg2 35. Kxg2 Rd2+ 36. Rf2 Rxf2+ 37. Kxf2 Kg7 38. Kf3 Kf7 39. b3 cxb3 40. cxb3 Nd7 41. Bd4 e6 42. Ke4 exf5+ 43. Kxf5 Nb8 44.
Ke5 Nc6+ 45. Ke4 Nb4 46. a4 bxa4 47. bxa4 Nc6 48. Bc3 Ke6 49. h3 Ne7 50. Kd4 Nd5 51.
Bd2 Nf6 52. Be3 Kd6 53. Bf4+ Kc6 54. Ke5 Nd5 55. Bd2 Nb6 56. a5 Nc4+ 57. Kf6 Nxd2 58. Kg7 Kb5 59. Kxh7 Kxa5 60. Kg6 Nf3 61. Kf5 Kb4 62. Kf4 Nd4 63. h4 Ne6+ 64. Kf5 Nf8 65. Kf6 a5 66. Kg7 Ne6+ 67. Kf7 a4 68. Kxe6 a3 69.
h5 a2 70. h6 a1=Q 71. Kf7 Qh8 72. Kg6 Kc5 73. h7 Kd6 74. Kh6 Ke7 75. Kg6 Ke8 76.
Kh6 Kf7 77. Kg5 Kg7 0-1

[Event "Late-Titled-Tuesday-Blitz-June-25-2024"]
[Site "Chess.com"]
[Date "2024.06.25"]
[Round "5"]
[White "BillieKimbah"]
[Black "karinachess1"]
[Result "0-1"]
[WhiteElo "2910"]
[BlackElo "2695"]
[TimeControl "180+1"]
[EndTime "14:55:37 PDT"]
[Termination "karinachess1 won on time"]

1. e4 e5 2. Bc4 Nf6 3. Qf3 Be7 4. Ne2 O-O 5. Nbc3 c6 6. a3 b5 7. Ba2 d6 8. h3 Nbd7 9. O-O Qc7 10. Ng3 Nc5 11. d3 Be6 12. Nf5 Bxa2 13. Rxa2 Ne6 14. Be3 g6 15. Nxe7+ Qxe7 16. Raa1 Nd7 17. b4 a5 18.
Rfb1 Ra6 19. Qd1 Rfa8 20. Qc1 Ndf8 21. Qb2 h5 22. a4 axb4 23. Qxb4 bxa4 24. Rxa4 Rxa4 25.
Nxa4 c5 26. Qc4 Qe8 27. Nc3 Rb8 28. Ra1 Ra8 29. Ra6 Rxa6 30. Qxa6 Qb8 31. Nb5 Nd4 32. c4 Nxb5 33. cxb5 Nd7 34. Qc6 Nb6 35. Bg5 Kg7 36.
Be7 Nc8 37. Bd8 Na7 38. Qd7 Nxb5 39. Qe7 Nd4 40. Kh2 Ne6 41. Qf6+ Kg8 42. Be7 Qc7 43. g3 Qd7 44. h4 Qc7 45. Kg2 Qd7 46. f3 Qc6 47. Kh2 Qb6 48. Kg2 Qa6 49. g4 Qxd3 50. gxh5 Nf4+ 51. Kg3 Ne2+ 52. Kf2 Nf4 53. Kg3 Qe2 0-1

[Event "Late-Titled-Tuesday-Blitz-June-25-2024"]
[Site "Chess.com"]
[Date "2024.06.25"]
[Round "5"]
[White "ArchibaldCerveza29"]
[Black "theoneandonlydaaevik"]
[Result "1/2-1/2"]
[WhiteElo "2406"]
[BlackElo "2591"]
[TimeControl "180+1"]
[EndTime "14:55:38 PDT"]
[Termination "Game drawn by repetition"]

1. e4 c6 2. Nc3 d5 3. Nf3 dxe4 4. Nxe4 Nd7 5. Bc4 e6 6. Qe2 Ngf6 7. Neg5 Nb6 8. Ne5 Qc7 9. Nexf7 Nxc4 10. Nxh8 Nd6 11. O-O Qe7 12. Re1 Bd7 13. Nxe6 Bxe6 14. Qxe6 Qxe6 15.
Rxe6+ Kd7 16. Rxd6+ Bxd6 17. Nf7 Re8 18. Kf1 Bc7 19.
d4 Ng4 20. f3 Nxh2+ 21. Kf2 h5 22. Bg5 Rf8 23. Ne5+ Bxe5 24. dxe5 Ng4+ 25. Kg3 Nxe5 26. Rd1+ Ke6 27. Re1 Kf5 28. Be7 Rf7 29. Bc5 b6 30.
Bd4 Nc4 31. b3 Nd6 32. Re5+ Kg6 33. Re6+ Rf6 34. Bxf6 Nf5+ 35. Kf4 gxf6 36. Rxc6 Nd4 37. Rc4 Ne2+ 38. Ke3 Ng3 39. a4 Nf5+ 40. Kf2 h4 41. b4 Nd6 42. Rc7 a5 43. bxa5 bxa5 44. Ra7 Nc4 45.
Rc7 Nb2 46. Rc5 Nxa4 47. Rxa5 Nb6 48. Rb5 Nc4 49. Rc5 Ne5 50. c4 Kf5 51. Rc8 Ke6 52.
c5 Kd7 53. Rh8 Nd3+ 54. Ke3 Nxc5 55. Rxh4 Ke6 56. Rh7 Nd7 57. f4 Nb6 58. g4 Nd5+ 59.
Ke4 Nc3+ 60. Kd3 Nd5 61. Rb7 Nxf4+ 62. Ke4 Ng6 63. Rb6+ Kf7 64. Kf5 Nh4+ 65. Ke4 Ng6 66. Rb7+ Ke6 67. Rb6+ Kf7 1/2-1/2

[Event "Late-Titled-Tuesday-Blitz-June-25-2024"]
[Site "Chess.com"]
[Date "2024.06.25"]
[Round "5"]
[White "Nf3c5"]
[Black "jup1978"]
[Result "1/2-1/2"]
[WhiteElo "2633"]
[BlackElo "2494"]
[TimeControl "180+1"]
[EndTime "14:55:39 PDT"]
[Termination "Game drawn by repetition"]

1. Nf3 d5 2. g3 e6 3. Bg2 Nf6 4. O-O Be7 5. c4 O-O 6. b3 b6 7. Bb2 Bb7 8. cxd5 Nxd5 9. d4 Nf6 10. Nc3 Nbd7 11. Rc1 c5 12. Qc2 Rc8 13. Rfd1 cxd4 14. Nxd4 Bxg2 15. Kxg2 Qc7 16. e4 Qb7 17. f3 Rfd8 18.
Qe2 Nc5 19. Nc2 h6 20. b4 Rxd1 21. Rxd1 Ncd7 22. a3 Ne5 23. Ne3 Ng6 24. Nb5 a6 25. Nc3 b5 26. Nc2 Qc7 27. Nd4 Rd8 28. Nb3 Ne5 29.
Na5 Rxd1 30. Qxd1 Nc4 31. Nxc4 Qxc4 32. Ne2 Qc6 33. Qd3 Qd7 34. Nf4 Qxd3 35. Nxd3 Nd7 36. f4 f6 37. Bd4 Kf7 38. Kf3 Ke8 39. f5 e5 40. Be3 Nb8 41. Bc5 Kd7 42. Bxe7 Kxe7 43.
Nc5 Nc6 44. Nxa6 Nd4+ 45. Kg4 Nc2 46. Kh5 Kf7 47. Nc7 Nxa3 48. h3 Nc2 49. Nxb5 Nxb4 50. Nd6+ Kf8 51. Kg6 Nd3 52. Kh7 Nf2 53. h4 Ng4 54. Kg6 Nf2 55. Kh5 Ke7 56. Nc8+ Kd7 57. Nb6+ Kc6 58. Nc4 Nxe4 59. g4 Nd6 60. Ne3 Kc5 61.
Kg6 Ne8 62. Kf7 Kd4 63. Nc2+ Kd3 64. Nb4+ Kc4 65. Nc6 e4 66. Na5+ Kb4 67. Nc6+ Kc5 68. Na5 Kb4 69. Nc6+ Kc5 70. Na5 Kb4 1/2-1/2

[Event "Late-Titled-Tuesday-Blitz-June-25-2024"]
[Site "Chess.com"]
[Date "2024.06.25"]
[Round "5"]
[White "SpeedofLight0"]
[Black "igorkovalenko"]
[Result "1-0"]
[WhiteElo "3160"]
[BlackElo "2995"]
[TimeControl "180+1"]
[EndTime "14:55:40 PDT"]
[Termination "SpeedofLight0 won by resignation"]

1. d4 Nf6 2. Nc3 e6 3. e4 d5 4. e5 Nfd7 5. f4 c5 6. Nf3 Nc6 7. Be3 a6 8. Qd2 b5 9. Bd3 Qb6 10. Qf2 cxd4 11. Nxd4 Bc5 12. Nce2 Bb7 13. O-O O-O 14.
c3 b4 15. Qh4 f5 16. g4 Ndxe5 17. fxe5 Nxe5 18. Rad1 Nxg4 19. Bc1 bxc3 20. bxc3 e5 21.
Bxf5 Nh6 22. Bxh6 Qxh6 23. Qxh6 gxh6 24. Rb1 Bc6 25. Kh1 exd4 26. cxd4 Ba7 27. Be6+ Kh8 28. Nc3 Bxd4 29. Bxd5 Bxd5+ 30. Nxd5 Rad8 31. Nf4 Rfe8 32. Rbd1 Be3 33. Nd5 Bg5 34. Nc7 Rxd1 35. Rxd1 Re2 36.
a4 a5 37. Nd5 Kg7 38. Rb1 Kg6 39. Rb5 Rd2 40. Rxa5 Kf5 41. Nc3+ Kf4 42. Ra8 Rc2 43. Rf8+ Kg4 44. Ne4 Bf4 45. Rg8+ Kf3 46. Nf6 Rc1+ 47. Rg1 Rc2 48. Rf1+ Rf2 49. Rxf2+ Kxf2 50. a5 Kf3 51. a6 Be3 52. Nd5 Bf2 53. Ne7 h5 54. Nc6 h4 55.
a7 Bxa7 56. Nxa7 h3 57. Kg1 h5 58. Nb5 Ke3 59. Nd6 Kf3 60. Nf5 Kf4 61. Ng3 h4 62. Nf1 Kf3 63. Nd2+ Ke3 64. Nb3 Kf3 65. Nc5 Ke3 66. Ne6 Kf3 67. Kf1 Kg4 68. Ke2 Kf5 69.
Nd4+ Ke4 70. Nf3 Kf4 71. Nxh4 1-0

[Event "Late-Titled-Tuesday-Blitz-June-25-2024"]
[Site "Chess.com"]
[Date "2024.06.25"]
[Round "5"]
[White "grzechu96"]
[Black "JulbeNn"]
[Result "1-0"]
[WhiteElo "2777"]
[BlackElo "2551"]
[TimeControl "180+1"]
[EndTime "14:55:41 PDT"]
[Termination "grzechu96 won on time"]

1. e4 c5 2. Nf3 d6 3. d4 cxd4 4. Nxd4 Nf6 5. Nc3 a6 6. Be2 e5 7. Nb3 Be7 8. Be3 Be6 9. Nd5 Bxd5 10. exd5 Nbd7 11. a4 Rc8 12. a5 O-O 13. O-O Re8 14.
c4 Nf8 15. Nd2 Ng6 16. b4 Nd7 17. Bg4 Nf4 18. g3 Nd3 19. Qb3 e4 20. Nxe4 N3e5 21. Be2 f5 22. Nd2 Nf6 23. Rac1 Kh8 24. Rfe1 Nfg4 25.
Bb6 Qd7 26. f4 Ng6 27. Bd3 Bf6 28. Qb1 Nh6 29. Kg2 Re7 30. Rxe7 Bxe7 31. Re1 Bf6 32. Nf1 Re8 33. Rxe8+ Qxe8 34. Ne3 Ne7 35. c5 Bd4 36.
cxd6 Bxb6 37. axb6 Nc8 38. Nxf5 Nxf5 39. Bxf5 Qe2+ 40. Kg1 Qe3+ 41. Kf1 Qf3+ 42. Ke1 Qh1+ 43. Kf2 Qxh2+ 44. Kf3 Qh5+ 45. Bg4 Qxd5+ 46. Qe4 Qb3+ 47. Kf2 Nxd6 48. Qe7 Qb2+ 49. Kf1 Qa1+ 50. Kg2 Qb2+ 51. Kh3 Qf6 52. Qxf6 gxf6 53. Bf3 Kg7 54. Kg4 h6 55. Bd5 f5+ 56. Kh5 Kf6 57. Kxh6 Nc8 58. Bxb7 Nxb6 59. Bxa6 Nd5 60. b5 Nc7 61. Kh5 Nd5 62. Bb7 Nc7 63.
Bc6 1-0

[Event "Late-Titled-Tuesday-Blitz-June-25-2024"]
[Site "Chess.com"]
[Date "2024.06.25"]
[Round "5"]
[White "Sl4werThanYou"]
[Black "Viktoker"]
[Result "0-1"]
[WhiteElo "2677"]
[BlackElo "2494"]
[TimeControl "180+1"]
[EndTime "14:55:41 PDT"]
[Termination "Viktoker won by resignation"]

1. e4 e5 2. Nf3 Nc6 3. Bc4 Nf6 4.
d3 Bc5 5. Bg5 d6 6. c3 h6 7. Bh4 g5 8. Bg3 a5 9. Nbd2 Ba7 10. Qe2 Qe7 11. O-O-O Be6 12. Kb1 Rg8 13. Rhe1 h5 14. h4 g4 15. Ng1 O-O-O 16. Bxe6+ Qxe6 17. Nc4 Nd7 18. Ne3 Ne7 19. Ka1 f5 20. exf5 Nxf5 21.
Nc4 Rgf8 22. Rf1 a4 23. d4 Rde8 24. d5 Qh6 25. Qc2 Nc5 26. Ne2 Nxg3 27. Nxg3 Qf4 28.
Qe2 Qf7 29. f3 Qg6 30. fxg4 hxg4 31. Ne3 Rf4 32. Nef5 Rxf1 33. Rxf1 Kb8 34. h5 Qg5 35. Qb5 Rh8 36. h6 Bb6 37. Rh1 Qd2 38. Qe2 Qg5 39.
Qd1 a3 40. bxa3 Ba5 41. Kb2 b6 42. Qc2 Qf4 43. h7 e4 44. Qe2 Qe5 45. Qc4 e3 46.
Qd4 Qxd4 47. Nxd4 Na4+ 48. Kb3 Nxc3 49. Nde2 Nxd5 50. Ne4 Kb7 51. Kc4 Ne7 52. Ng5 d5+ 53. Kd3 c5 54. Nf7 c4+ 55. Kxe3 Re8 56. h8=Q Ng6+ 57.
Kf2 Nxh8 58. Rxh8 Re7 59. Rh7 Ka6 60. Nf4 d4 61. g3 d3 62. Ng5 Re8 63. Rh1 d2 64. Ne2 c3 65. Nxc3 Bxc3 66. Nf3 gxf3 67. Kxf3 Re1 68. Rh7 d1=Q+ 0-1

[Event "Late-Titled-Tuesday-Blitz-June-25-2024"]
[Site "Chess.com"]
[Date "2024.06.25"]
[Round "5"]
[White "Zq1"]
[Black "guineo59"]
[Result "1-0"]
[WhiteElo "2494"]
[BlackElo "2207"]
[TimeControl "180+1"]
[EndTime "14:55:44 PDT"]
[Termination "Zq1 won on time"]

1. Nf3 Nf6 2. c4 g6 3. Nc3 Bg7 4. e4 d6 5. d4 O-O 6. Be2 Na6 7. O-O e5 8. Be3 Ng4 9. Bg5 f6 10. Bh4 Nh6 11. a3 Nf7 12. b4 c6 13. d5 c5 14. Rb1 Bd7 15. Nd2 Bh6 16. f3 Be3+ 17. Bf2 Bxf2+ 18. Rxf2 Rc8 19. Bd3 f5 20. Qe2 Qg5 21.
Kh1 b6 22. b5 Nc7 23. Rg1 Ra8 24. exf5 gxf5 25. f4 exf4 26. Nf3 Qf6 27. Qd2 Rae8 28. Ne2 Ne5 29. Nxf4 Ng4 30. Re2 Qh6 31. h3 Rxe2 32. Bxe2 Re8 33. Bd1 Re3 34. g3 Re4 35. Nh4 Ne8 36.
Rf1 Kh8 37. Bf3 Re7 38. Qc3+ Ngf6 39. Ne6 Bxe6 40. dxe6 Rxe6 41. Bg2 Qg5 42. Rxf5 Qe3 43. Qxe3 Rxe3 44. Rf3 Re2 45. Rd3 Ne4 46. Kh2 N8f6 47. Nf5 Kg8 48. Nxd6 Nxd6 49. Rxd6 Kf7 50. Rc6 Re7 51.
g4 h6 52. Kg3 Kg7 53. Kf4 Rf7 54. Ke5 Re7+ 55. Kd6 Re2 56. Rc7+ Kg6 57. Bd5 Rd2 58. Rxa7 Ra2 59. Ra6 Rh2 60. Rxb6 Rxh3 61. Ra6 Kg5 62. b6 Nxg4 63. b7 Rb3 64. Ra8 Ne5 65. b8=Q 1-0

[Event "Late-Titled-Tuesday-Blitz-June-25-2024"]
[Site "Chess.com"]
[Date "2024.06.25"]
[Round "5"]
[White "FloMasterAAK"]
[Black "Talent-OF-Slovenia"]
[Result "0-1"]
[WhiteElo "2612"]
[BlackElo "2465"]
[TimeControl "180+1"]
[EndTime "14:55:45 PDT"]
[Termination "Talent-OF-Slovenia won by checkmate"]

1. Nf3 c6 2. c4 d5 3. e3 Nf6 4.
Nc3 b6 5. b3 e6 6. Bb2 Bb7 7.
g3 Nbd7 8. d4 c5 9. Bg2 dxc4 10.
bxc4 cxd4 11. exd4 Rc8 12. Qb3 Qc7 13. Nb5 Qxc4 14.
Qxc4 Rxc4 15. O-O Rb4 16. Nc7+ Kd8 17. Ba3 Kxc7 18. Bxb4 Bxb4 19. a3 Bd6 20. Rac1+ Kb8 21. Ng5 Rf8 22. Bxb7 Kxb7 23. a4 h6 24. Nf3 Nd5 25. h4 a6 26. Rb1 Rc8 27. Rfc1 Rxc1+ 28. Rxc1 b5 29. axb5 axb5 30. Nd2 N7b6 31. Rb1 b4 32. Kf1 Be7 33. Nb3 Nc4 34. Rc1 Nc3 35. Ra1 Na3 36. Kg2 Kb6 37. Re1 Bf6 38. g4 Bxh4 39. Re5 Nd5 40. Re1 Bf6 41. Rc1 Nc3 42. f4 Kb5 43. Re1 Kc4 44. Na5+ Kxd4 45. Kf3 Nc2 46.
Rg1 Kd3 47. g5 Nd4+ 48. Kg4 hxg5 49. fxg5 Bxg5 50. Kxg5 Nf3+ 51. Kf4 Nxg1 52. Kg3 Nge2+ 53. Kf2 Nd4 54. Ke1 b3 55. Nxb3 Nxb3 56. Kf2 Nd4 57. Kg3 Ke3 58. Kg4 Ne4 59. Kh3 f5 60. Kg2 g5 61. Kf1 Nc2 62. Kg2 Ke2 63. Kg1 Ne3 64.
Kh2 Kf3 65. Kh3 Nf2+ 66. Kh2 Nfg4+ 67. Kg1 Kg3 68. Kh1 Nf1 69. Kg1 Nfh2 70. Kh1 e5 71. Kg1 e4 72. Kh1 e3 73. Kg1 e2 74.
Kh1 e1=N 75. Kg1 Nef3+ 76. Kh1 Nf2# 0-1

[Event "Late-Titled-Tuesday-Blitz-June-25-2024"]
[Site "Chess.com"]
[Date "2024.06.25"]
[Round "5"]
[White "Kaustubh_Kodihalli"]
[Black "GiorgianBarbosa"]
[Result "1-0"]
[WhiteElo "2456"]
[BlackElo "2597"]
[TimeControl "180+1"]
[EndTime "14:55:45 PDT"]
[Termination "Kaustubh_Kodihalli won by resignation"]

1. e4 c5 2. Nf3 g6 3. d4 cxd4 4. Nxd4 Bg7 5. c4 Nc6 6. Be3 Nf6 7. Nc3 O-O 8. Be2 d6 9. O-O Nxd4 10. Bxd4 Bd7 11.
Qd2 Bc6 12. f3 Nd7 13. Bf2 a5 14. Rab1 Nc5 15. Rfc1 e6 16. b3 Be5 17. Rc2 f5 18.
exf5 Rxf5 19. a3 a4 20. b4 Nb3 21. Qe1 Nd4 22. Rcc1 Qg5 23. Bg3 Bxg3 24. Qxg3 Qe3+ 25. Qf2 Re5 26. Qxe3 Rxe3 27. Kf2 Re5 28. Bd3 Kf8 29. Re1 Rxe1 30. Rxe1 b6 31. f4 Ke7 32. Nd5+ Bxd5 33. cxd5 Kf6 34. dxe6 Nxe6 35. g3 Rc8 36.
Re3 Rc1 37. Bb5 Nd4 38. Bxa4 Ra1 39. Rd3 Ra2+ 40. Kf1 Nf5 41. Kg1 h5 42. Bd7 Ke7 43.
Bxf5 gxf5 44. Rc3 d5 45. Rc6 Rxa3 46. Kg2 Ra2+ 47. Kf3 Rxh2 48. Rxb6 h4 49. gxh4 Rxh4 50. Rb7+ Kd6 51. Rb6+ Ke7 52. Rb5 Ke6 53. Rb6+ Kd7 54. Rf6 Rh5 55. b5 Kc7 56. Rc6+ Kb7 57. Rd6 d4 58.
Rxd4 Kb6 59. Rd5 Rh3+ 60. Kg2 Rh5 61. Kg3 Kc7 62. Re5 Kb6 63. Kf3 Rh3+ 64. Ke2 Rb3 65.
Rxf5 Rxb5 66. Rxb5+ Kxb5 67. Ke3 Kc5 68. Ke4 Kd6 69. Kf5 Ke7 70. Kg6 Kf8 71. Kf6 Kg8 72. Ke7 Kg7 73. f5 1-0

[Event "Late-Titled-Tuesday-Blitz-June-25-2024"]
[Site "Chess.com"]
[Date "2024.06.25"]
[Round "5"]
[White "ACollins05"]
[Black "UnTucopalaTimba"]
[Result "1-0"]
[WhiteElo "2416"]
[BlackElo "2134"]
[TimeControl "180+1"]
[EndTime "14:55:46 PDT"]
[Termination "ACollins05 won on time"]

1. Nf3 d5 2. e3 Nf6 3. b3 g6 4. Bb2 Bg7 5. d4 O-O 6. c4 c6 7. Nc3 Bg4 8. Be2 e6 9. O-O Re8 10. Rc1 Nbd7 11. b4 Rc8 12. b5 dxc4 13. Bxc4 Nb6 14.
Be2 Qe7 15. bxc6 bxc6 16. Na4 Qb4 17. Nxb6 axb6 18. Qb3 Qxb3 19. axb3 Nd5 20. Ba3 e5 21. dxe5 Bxf3 22. Bxf3 Rxe5 23. Rfd1 Ne7 24. Rd7 c5 25. b4 Nc6 26. bxc5 bxc5 27. Rxc5 Rxc5 28. Bxc5 Ne5 29. Rd5 Nxf3+ 30. gxf3 Bf6 31. f4 Kg7 32. Kg2 h5 33.
Kf3 Re8 34. e4 Ra8 35. e5 Bh4 36. Rd7 Kg8 37. Bd4 Ra4 38. Ke3 Ra3+ 39. Ke4 Ra4 40.
e6 fxe6 41. Rg7+ Kf8 42. Rxg6 Bxf2 43. Rxe6 Rxd4+ 44. Kf5 Bg1 45. h4 Bh2 46. Kg5 Bxf4+ 47. Kxh5 Bg3 48. Rf6+ Kg7 49. Rg6+ Kf7 50. Rxg3 Kf8 51.
Kg5 Kg7 52. Ra3 Rd5+ 53. Kg4 Kh6 54. Ra6+ Kh7 55. Re6 Rb5 56. Re4 Kh6 57. Rc4 Rd5 58.
Rb4 Kg6 59. Re4 Kh6 60. Re6+ Kh7 61. Re4 Kg6 62. Ra4 Kh6 63. Rb4 Kg6 64. h5+ Kh6 65.
Rb6+ Kh7 66. Rf6 Rc5 67. Rf4 Kh6 68. Rd4 1-0